 Dungeon Crawl Stone Soup version 0.28.0-1-gb440e238dd (webtiles) character file.

Game seed: 17345104719880470871

177232 Zeld the Slayer (level 17, -2/173 HPs)
             Began as a Minotaur Monk on Feb 23, 2022.
             Was a High Priest of Trog.
             Killed by divine providence
             ... invoked by a meliai
              (13 damage)
             ... on level 2 of the Spider Nest.
             The game lasted 01:12:07 (64729 turns).

Zeld the Slayer (Minotaur Monk)                    Turns: 64729, Time: 01:12:07

Health: -2/173     AC: 26    Str: 26      XL:     17   Next: 25%
Magic:  1/16       EV: 12    Int:  6 (7)  God:    Trog [*****.]
Gold:   779        SH:  5    Dex: 13      Spells: 16/16 levels left

rFire   . . .      SeeInvis +   a - +8 frozen axe "Frostbite" {freezing cloud, *Noise Fly rC+}
rCold   + . .      Faith    .   (shield currently unavailable)
rNeg    . . .      Spirit   .   b - +2 plate armour
rPois   +          Reflect  +   D - +2 hat
rElec   .          Harm     .   B - +1 cloak
rCorr   .          Rampage  .   E - +0 pair of gloves
Will    +....                   C - +0 pair of boots
Stlth   ..........              x - amulet of Secrets {Reflect Str+2 SH+5}
HPRegen 0.38/turn               I - ring of see invisible
MPRegen 0.15/turn               j - ring of poison resistance

@: flying
A: horns 2, retaliatory headbutt
}: 1/15 runes: decaying
a: Renounce Religion, Berserk, Trog's Hand, Brothers in Arms


You were on level 2 of the Spider Nest.
You worshipped Trog.
Trog was extremely pleased with you.
You visited 6 branches of the dungeon, and saw 29 of its levels.
You also visited: Ossuary and Ice Cave.

You collected 3259 gold pieces.
You spent 2480 gold pieces at shops.

Inventory:

Hand Weapons
 a - the +8 frozen axe "Frostbite" (weapon) {freezing cloud, *Noise Fly rC+}
   (You bought it in a shop on level 10 of the Dungeon)

   It freezes those it strikes, dealing additional cold damage.
   It can also slow down cold-blooded creatures.
   It occasionally leaves clouds of freezing vapour upon striking a foe.
   It grants immunity to clouds of freezing vapour.
   rC:        It protects you from cold.
   Fly:       It grants you flight.
   *Noise:    It may make noises in combat.
 v - a +2 vorpal executioner's axe
Armour
 b - a +2 plate armour (worn)
 B - a +1 cloak (worn)
 C - a +0 pair of boots (worn)
 D - a +2 hat (worn)
 E - a +0 pair of gloves (worn)
Jewellery
 j - a ring of poison resistance (right hand)
 n - a ring of resist corrosion
 x - the amulet of Secrets (around neck) {Reflect Str+2 SH+5}
   (You bought it in a shop on level 2 of the Orcish Mines)

   [amulet of reflection]

   It reflects blocked missile attacks.
   Str:       It affects your strength (+2).
   SH:        It affects your SH (+5).
 I - a ring of see invisible (left hand)
Wands
 i - a wand of paralysis (1)
 o - a wand of flame (27)
 q - a wand of acid (21)
 t - a wand of polymorph (7)
 u - a wand of charming (8)
 A - a wand of iceblast (11)
 G - a wand of digging (5)
 L - a wand of mindburst (8)
Scrolls
 e - 2 scrolls of teleportation
 g - 5 scrolls of magic mapping
 r - a scroll of identify
 s - a scroll of fear
 y - a scroll of brand weapon
Potions
 c - 2 potions of flight
 f - a potion of cancellation
 k - 9 potions of curing
 l - 4 potions of haste
 m - 6 potions of ambrosia
 w - a potion of resistance
 z - 8 potions of might
Miscellaneous
 p - a phial of floods
 J - a tin of tremorstones (2/2)


   Skills:
 * Level 21.4 Fighting
 + Level 20.4 Axes
 - Level 15.0 Armour
 + Level 10.0 Dodging
 - Level 2.0 Stealth
 * Level 12.3 Evocations


You had 16 spell levels left.
You didn't know any spells.
Your spell library was empty.

Dungeon Overview and Level Annotations

Branches:
Dungeon (13/15)            Temple (1/1) D:4            Lair (6/6) D:9
  Swamp (4/4) Lair:3       Spider (3/4) Lair:4        Slime (0/5) Lair:6
    Orc (2/2) D:10            Elf (0/3) Orc:2        Vaults (0/5) D:13
Ossuary (visited)           IceCv (visited)

Altars:
Ashenzari
Cheibriados
Dithmenos
Elyvilon
Fedhas
Gozag
Hepliaklqana
Kikubaaqudgha
Makhleb
Nemelex Xobeh
Okawaru
Qazlal
Ru
Sif Muna
Trog
Uskayaw
Vehumet
Wu Jian
Xom
Yredelemnul
Zin
The Shining One
Beogh

Shops:
D:5 :   D:7 =   D:10 (:   Orc:2 =*([

Portals:
Trove: D:12 (give 4 scrolls of fear)


Innate Abilities, Weirdness & Mutations

You have a pair of horns on your head.
You reflexively headbutt those who attack you in melee.


Message History

A tarantella comes into view.
You block the wolf spider's attack.
The wolf spider bites you but does no damage.
The ghost moth stares at you.
You feel your power leaking away.
The ghost moth hits you but does no damage.
The ghost moth completely misses you. The ghost moth stings you!
The meliai hits you with a +0 hand axe.
The meliai stings you but does no damage.
The meliai misses you. x2; The meliai hits you with a +0 hand axe!
The meliai closely misses you. The wolf spider misses you.
You block the wolf spider's attack. The meliai hits you but does no damage.
The meliai barely misses you. The ghost moth stares at you.
The ghost moth hits you.
* * * LOW HITPOINT WARNING * * *
The ghost moth hits you.
* * * LOW HITPOINT WARNING * * *
The ghost moth stings you!
* * * LOW HITPOINT WARNING * * *
The meliai closely misses you. The meliai barely misses you.
You fly upwards.
There is a stone staircase leading down, spattered with blood here.
Unknown command.
Blink to where?
Press: ? - help, Dir - move target
As you read the scroll of blinking, it crumbles to dust.
The ghost moth stares at you.
You feel your power leaking away. The ghost moth stares at you.
The meliai mumbles some strange prayers to its god against you.
Something smites you!
* * * LOW HITPOINT WARNING * * *
The ghost moth stares at you.
The meliai mumbles some strange prayers to its god against you.
Something smites you!
* * * LOW HITPOINT WARNING * * *
The meliai calls down the wrath of its god upon you.
Something smites you!
You die...

.#### ##...#.#.#...###..#...#.#^#
....###..#.....#..#..#....>.....#
#....###.#..#y#..#.....#.###.#.##
###....##.#..#..#^.##.#...##....#
.##....#.##...#....#....#....#..#
#^###.....##.#..#.##.##..###..^.#
..# ##..#..#..y#.#....##..#...###
^^#####.^.!##.#.#.....#...#..##
.....##..#....#.@..#...#.#....#
≈..####..#..#.#..####..#.#...##
≈...^...#.....#### ##...##...##
≈..^^...###.....## #^..##....##
≈..^^..## ##.#...# ##.....#...#
≈^..#### ###^..## ###..#.#..#
^^^#.# ##.#..# #####...# ....##
######....## ##^## ..^##
#......#### ###


You could see a meliai.

Vanquished Creatures
  Mara (Swamp:3)
  Arachne (Spider:2)
  Jorgrun (Swamp:3)
  Kirke (D:12)
  An azure jelly (IceCv)
  A fenstrider witch (Swamp:2)
  Roxanne (Swamp:2)
  An emperor scorpion (Spider:2)
  A ghost moth (Spider:1)
  2 broodmothers (Spider:1)
  6 quicksilver oozes (IceCv)
  The ghost of Tacit the Basher, a journeyman GrMo of Gozag (Spider:2)
  2 eleionomae (Swamp:3)
  Nessos (Lair:4)
  2 bunyips (Swamp:1)
  2 entropy weavers (Spider:2)
  7 vault guards (D:13)
  A shambling mangrove (Swamp:1)
  3 fire dragons (Swamp:3)
  An ice dragon (Swamp:1)
  A centaur warrior (D:13)
  Erolcha (Orc:1)
  3 boulder beetles
  A catoblepas (Lair:5)
  17 hydras
  A ghost crab (Swamp:3)
  13 two-headed ogres
  4 alligators (Swamp:4)
  A tengu warrior (D:13)
  6 death yaks
  An orc high priest (Orc:2)
  Nergalle (Lair:4)
  3 fire crabs (Swamp:4)
  3 pharaoh ants (Spider:1)
  A sun moth (Spider:2)
  6 goliath frogs
  5 skeletal warriors (D:12)
  3 spriggan druids
  6 swamp dragons
  4 bog bodies
  7 orb spiders
  2 steelbarb worms
  4 orc knights
  Pikel (D:7)
  2 orange crystal statues (IceCv)
  2 manticores
  2 cyclopes
  11 wolf spiders
  4 orc sorcerers
  An ugly thing (D:12)
  3 moths of wrath
  10 elephants
  5 black mambas
  4 torpor snails
  6 cane toads
  Maurice (D:10)
  A gargoyle (D:11)
  6 rime drakes
  Maggie (D:6)
  3 entropy weaver simulacra (IceCv)
  7 demonic crawlers
  7 komodo dragons
  3 trolls
  2 polar bears
  A tengu conjurer (D:13)
  3 very ugly thing simulacra (IceCv)
  A bloated husk (Swamp:1)
  9 tyrant leeches
  Grinder (D:5)
  6 hornets
  12 blink frogs
  19 slime creatures
  20 dream sheep
  11 tarantellas
  9 jumping spiders
  2 wraiths
  A shadow (D:13)
  8 spriggans
  11 culicivoras
  A fire elemental (Swamp:3)
  4 hogs (D:13)
  5 wyverns
  A human (D:13)
  2 basilisks
  32 yaks
  Grum (D:10)
  2 steam dragons
  3 vampire mosquitoes (Swamp:3)
  Menkaure (D:7)
  45 redbacks
  A warg (Orc:2)
  16 swamp worms
  An acid dragon (D:12)
  A demonic crawler simulacrum (IceCv)
  21 water moccasins
  14 swamp drakes
  2 sky beasts
  Duvessa (D:7)
  An ice beast (D:6)
  2 black bears
  23 orc warriors
  14 wolves
  20 ogres
  5 ugly thing simulacra (IceCv)
  4 centaurs
  A lemure (D:7)
  A phantom (D:5)
  The ghost of Jingleheimer the Insei, an amateur DsTm (D:4)
  A kobold brigand (D:9)
  12 bullfrogs
  A gnoll sergeant (D:10)
  5 scorpions
  A water moccasin skeleton (D:6)
  Dowan (D:7)
  11 killer bees
  20 wights
  5 howler monkeys
  An electric eel (Lair:4)
  2 lava snakes (Lair:4)
  A bullfrog zombie (D:6)
  A human zombie (Ossuary)
  3 centaur zombies
  14 hounds
  13 jellies (Lair:6)
  2 bullfrog skeletons
  A centaur skeleton (D:5)
  24 orc priests
  A gnoll shaman (D:8)
  3 iguanas
  31 orc wizards
  A hound skeleton (D:4)
  2 mummies (Ossuary)
  2 howler monkey zombies
  20 gnolls
  8 adders
  2 river rats (D:4)
  A white imp (D:7)
  An ufetubus (D:6)
  An adder skeleton (D:5)
  3 dart slugs
  51 orcs
  8 ball pythons
  10 bats
  5 endoplasms
  4 giant cockroaches
  4 goblins
  6 hobgoblins
  16 jackals
  4 quokkas
  2 frilled lizards
  3 gnoll zombies (Ossuary)
  A goblin zombie (Ossuary)
  3 hobgoblin zombies (Ossuary)
  7 kobolds
  6 orc zombies (Ossuary)
  4 rats
882 creatures vanquished.

Vanquished Creatures (collateral kills)
  A rockslime (IceCv)
  An azure jelly (IceCv)
  An orc warlord (Orc:2)
  A vault guard (D:13)
  A hydra (D:13)
  An orc (Orc:2)
6 creatures vanquished.

Vanquished Creatures (others)
  2 bloated husks
  A blink frog (Lair:5)
  A human (D:13)
  2 demonic crawler simulacra (IceCv)
  2 swamp drakes (Swamp:4)
  An orc wizard (D:9)
  An orc (Orc:2)
  41 fungi
  27 plants
78 creatures vanquished.

Grand Total: 966 creatures vanquished

Notes
Turn   | Place    | Note
-------+----------+-------------------------------------------
     0 | D:1      | Zeld the Minotaur Monk began the quest for the Orb.
     0 | D:1      | Reached XP level 1. HP: 19/19 MP: 0/0
    65 | D:1      | Reached XP level 2. HP: 12/27 MP: 1/1
   809 | D:1      | Reached XP level 3. HP: 20/33 MP: 2/2
   810 | D:1      | Reached skill level 4 in Fighting
   963 | D:2      | You fall into a shaft and drop 2 floors!
  1135 | D:4      | Found a staircase to the Ecumenical Temple.
  1150 | Temple   | Entered the Ecumenical Temple
  1191 | Temple   | Became a worshipper of Trog the Wrathful
  1191 | Temple   | Reached * piety under Trog
  1191 | Temple   | Reached ** piety under Trog
  1355 | D:4      | Reached XP level 4. HP: 40/40 MP: 3/3
  1619 | D:4      | Identified the +8 mace of Leklaaj {antimagic, +Blink rN+
                  | Int+4 SInv}
  1626 | D:4      | Found a runed translucent door.
  1627 | D:4      | Noticed Jingleheimer's ghost (amateur DsTm)
  1627 | D:4      | Noticed a bullfrog
  1929 | D:4      | Reached skill level 5 in Axes
  2000 | D:4      | Found a runed translucent door.
  2413 | D:3      | Found a faded altar of an unknown god.
  3044 | D:2      | Reached XP level 5. HP: 47/47 MP: 4/4
  3941 | D:5      | Entered Level 5 of the Dungeon
  3944 | D:5      | Identified a scroll of acquirement
  3946 | D:5      | Noticed Grinder
  3951 | D:4      | Acquired 259 gold pieces
  3969 | D:5      | Killed Grinder
  3970 | D:5      | Reached skill level 5 in Fighting
  3970 | D:5      | Reached XP level 6. HP: 56/56 MP: 5/5
  4068 | D:5      | Reached skill level 6 in Fighting
  4068 | D:5      | Reached XP level 7. HP: 45/63 MP: 6/6
  4089 | D:5      | Found Wioq's Book Boutique.
  4136 | D:5      | Found a sand-covered staircase.
  4145 | Ossuary  | Entered an ossuary
  4168 | Ossuary  | Reached *** piety under Trog
  4755 | D:5      | Identified the +1 helmet of Impressiveness {Int+3}
  5512 | D:5      | Reached skill level 7 in Fighting
  5577 | D:5      | Reached skill level 1 in Armour
  5577 | D:5      | Reached XP level 8. HP: 46/73 MP: 7/7
  6065 | D:6      | Reached skill level 10 in Axes
  6564 | D:6      | Reached skill level 8 in Fighting
  6697 | D:6      | Noticed Maggie
  6705 | D:6      | Killed Maggie
  6706 | D:6      | Reached XP level 9. HP: 56/82 MP: 8/8
  7186 | D:6      | Reached **** piety under Trog
  7541 | D:6      | Reached skill level 5 in Armour
  8042 | D:7      | Reached skill level 9 in Fighting
  8799 | D:7      | Found Kishruare's Jewellery Boutique.
  8802 | D:7      | Bought the amulet "Piri" {RegenMP Will+} for 426 gold
                  | pieces
  8943 | D:7      | Found an ornate altar of the Wu Jian Council.
  8966 | D:7      | Noticed Pikel
  8972 | D:7      | Killed Pikel
  9021 | D:7      | Noticed Dowan
  9022 | D:7      | Noticed Menkaure
  9022 | D:7      | Noticed Duvessa
  9024 | D:7      | Killed Dowan
  9029 | D:7      | Killed Menkaure
  9030 | D:7      | Reached XP level 10. HP: 61/92 MP: 9/9
  9030 | D:7      | Killed Duvessa
  9518 | D:8      | Reached skill level 10 in Fighting
 11997 | D:9      | Found a staircase to the Lair.
 12968 | D:10     | Entered Level 10 of the Dungeon
 12984 | D:10     | Reached ***** piety under Trog
 13077 | D:10     | Found Asusaeh's Book Emporium.
 13160 | D:10     | Reached skill level 11 in Fighting
 14071 | D:9      | Received a gift from Trog
 14105 | D:10     | Noticed a two-headed ogre
 14109 | D:10     | Reached skill level 15 in Axes
 14109 | D:10     | Killed a two-headed ogre
 14110 | D:10     | Reached XP level 11. HP: 102/102 MP: 10/10
 14244 | D:10     | Noticed a two-headed ogre
 14267 | D:10     | Killed a two-headed ogre
 14552 | D:10     | Found Kulih's Weapon Shop.
 14555 | D:10     | Noticed Maurice
 14563 | D:10     | Killed Maurice
 14565 | D:10     | Noticed a two-headed ogre
 14575 | D:10     | Killed a two-headed ogre
 15292 | D:10     | Found a staircase to the Orcish Mines.
 15362 | D:10     | Noticed Grum
 15369 | D:10     | Killed Grum
 15695 | D:10     | Identified the +8 spear of Jachoyge {venom, Int+2 SInv}
 15861 | D:11     | Noticed a two-headed ogre
 15866 | D:11     | Killed a two-headed ogre
 15905 | D:11     | Noticed a two-headed ogre
 15910 | D:11     | Killed a two-headed ogre
 15916 | D:11     | Reached skill level 12 in Fighting
 16025 | D:11     | Reached skill level 10 in Armour
 16614 | D:11     | Noticed a two-headed ogre
 16619 | D:11     | Killed a two-headed ogre
 16678 | D:11     | Noticed a two-headed ogre
 16684 | D:11     | Killed a two-headed ogre
 16685 | D:11     | Reached XP level 12. HP: 113/113 MP: 11/11
 17754 | D:12     | HP: 7/169 [skeletal warrior (3)]
 18284 | D:12     | Found a portal to a secret trove of treasure.
 18426 | D:12     | Paralysed by a hornet for 1 turns
 18429 | D:12     | Reached skill level 13 in Fighting
 19344 | D:13     | Noticed Kirke
 19723 | D:12     | Killed Kirke
 19776 | D:13     | Noticed a tengu warrior
 19788 | D:13     | Killed a tengu warrior
 19987 | D:13     | Noticed a centaur warrior
 19996 | D:13     | Killed a centaur warrior
 20207 | D:13     | Noticed an eight-headed hydra
 20217 | D:13     | Killed an eight-headed hydra
 20229 | D:13     | Noticed a vault guard
 20240 | D:13     | Killed a vault guard
 20250 | D:13     | Noticed a vault guard
 20262 | D:13     | Killed a vault guard
 20356 | D:13     | Found a gate to the Vaults.
 20364 | D:13     | Noticed a vault guard
 20371 | D:13     | Killed a vault guard
 20385 | D:13     | Noticed a vault guard
 20616 | D:13     | Noticed a five-headed hydra
 20983 | D:13     | Noticed a vault guard
 20991 | D:13     | Killed a vault guard
 21022 | D:13     | Killed a vault guard
 21023 | D:13     | Reached XP level 13. HP: 51/123 MP: 12/12
 21598 | D:13     | Reached skill level 14 in Fighting
 22767 | D:4      | Killed Jingleheimer's ghost
 22914 | Lair:1   | Entered Level 1 of the Lair of Beasts
 25096 | Lair:2   | Identified the amulet of the Sparrow {Faith rPois}
 25998 | Lair:3   | Reached skill level 15 in Fighting
 26185 | Lair:3   | Found a staircase to the Swamp.
 26750 | Lair:3   | You fall into a shaft and drop 2 floors!
 26780 | Lair:5   | Reached skill level 1 in Evocations
 26795 | Lair:6   | Entered Level 6 of the Lair of Beasts
 26812 | Lair:6   | Reached XP level 14. HP: 58/136 MP: 13/13
 27282 | Lair:6   | Found a staircase to the Slime Pits.
 28367 | Lair:5   | Reached skill level 16 in Fighting
 28660 | Lair:4   | Noticed Nergalle
 28670 | Lair:4   | Killed Nergalle
 29671 | Lair:3   | Reached skill level 5 in Evocations
 30185 | Lair:4   | Found a hole to the Spider Nest.
 30432 | Lair:4   | Noticed Nessos
 30438 | Lair:4   | Killed Nessos
 30439 | Lair:4   | Reached skill level 17 in Fighting
 30657 | Lair:4   | Reached skill level 15 in Armour
 33365 | Orc:1    | Entered Level 1 of the Orcish Mines
 33445 | D:10     | Bought the +8 frozen axe "Frostbite" {freezing cloud,
                  | *Noise Fly rC+} for 1129 gold pieces
 33445 | D:10     | Found the +8 frozen axe "Frostbite" {freezing cloud, *Noise
                  | Fly rC+}
 33613 | Orc:1    | You are sucked into a shaft and drop 1 floor!
 33613 | Orc:2    | Entered Level 2 of the Orcish Mines
 33613 | Orc:2    | Noticed an orc warlord
 33613 | Orc:2    | Found a staircase to the Elven Halls.
 34329 | Orc:1    | Paralysed by an orc sorcerer for 5 turns
 35041 | Orc:1    | Noticed Erolcha
 35054 | Orc:1    | Killed Erolcha
 35057 | Orc:1    | Reached XP level 15. HP: 128/148 MP: 14/14
 35393 | Orc:2    | Reached skill level 5 in Dodging
 37227 | Orc:2    | Killed an orc warlord
 37358 | Orc:2    | Paralysed by an orc sorcerer for 5 turns
 37643 | Orc:2    | Reached skill level 18 in Fighting
 38552 | Orc:2    | Found Unucvoh's Jewellery Boutique.
 38563 | Orc:2    | Found Meto Coq's Antique Armour Boutique.
 38580 | Orc:2    | Bought the amulet of Secrets {Reflect Str+2 SH+5} for 535
                  | gold pieces
 38607 | Orc:2    | Bought a glowing hat for 252 gold pieces
 38662 | Orc:2    | Found Alofoic's Antique Weapon Boutique.
 38676 | Orc:2    | Found Oxumosewk's General Store.
 38684 | Orc:2    | Bought a scroll of identify for 24 gold pieces
 38684 | Orc:2    | Bought a scroll of identify for 24 gold pieces
 39672 | Swamp:1  | Entered Level 1 of the Swamp
 40238 | Swamp:1  | Found a frozen archway.
 40314 | IceCv    | Entered an ice cave
 42915 | IceCv    | Found a viscous altar of Jiyva.
 42915 | IceCv    | Noticed an azure jelly
 42926 | IceCv    | Killed an azure jelly
 42988 | IceCv    | Noticed a rockslime
 42988 | IceCv    | Noticed an azure jelly
 43001 | IceCv    | Killed an azure jelly
 43002 | IceCv    | Killed a rockslime
 43003 | IceCv    | Reached skill level 19 in Fighting
 43054 | IceCv    | Identified the +1 robe of Zeguyn {-Cast rElec rC+ Str+3}
 43056 | IceCv    | Identified the +1 leather armour of Beogh's Approval {Will+
                  | Regen+ Dex+3}
 46117 | Swamp:2  | Identified Roxanne's Papyrus of the Rocks
 46117 | Swamp:2  | Noticed Roxanne
 46661 | Orc:2    | Bought a scroll of enchant weapon for 90 gold pieces
 47495 | Swamp:2  | Noticed a fenstrider witch
 47501 | Swamp:2  | Paralysed by a fenstrider witch for 6 turns
 47502 | Swamp:2  | Killed a fenstrider witch
 48045 | Swamp:2  | Killed Roxanne
 49680 | Swamp:3  | Noticed Jorgrun
 49681 | Swamp:3  | Reached XP level 16. HP: 157/161 MP: 15/15
 50478 | Swamp:3  | Killed Jorgrun
 50892 | Swamp:3  | Reached skill level 10 in Evocations
 51315 | Swamp:4  | Entered Level 4 of the Swamp
 52379 | Swamp:4  | Noticed Mara
 55278 | Swamp:3  | Noticed Zeld's illusion
 55281 | Swamp:3  | Killed Mara
 55282 | Swamp:3  | Reached skill level 20 in Fighting
 57913 | Swamp:4  | Got a decaying rune of Zot
 58989 | Spider:1 | Entered Level 1 of the Spider Nest
 61235 | Spider:2 | Reached skill level 21 in Fighting
 61697 | Spider:2 | Reached XP level 17. HP: 170/173 MP: 16/16
 62656 | Spider:2 | Found a runed translucent gate.
 62656 | Spider:2 | Found a runed translucent gate.
 62656 | Spider:2 | Found a runed translucent gate.
 62661 | Spider:2 | Noticed Tacit's ghost (journeyman GrMo)
 62768 | Spider:2 | Killed Tacit's ghost
 63410 | Spider:3 | Noticed Arachne
 64187 | Spider:2 | Killed Arachne
 64715 | Spider:2 | Reached skill level 10 in Dodging
 64729 | Spider:2 | Killed from afar by a meliai

Illustrated notes

Levels and vault maps discovered:
D:1:      dpeg_arrival_more_subterranean_lakeside_camping, layout_basic
D:2:      layout_basic
D:3:      layout_basic, chequers_ecumenical_altar_island
D:4:      layout_basic, minmay_temple_entry_sparse_star, ebering_ghost_sewer_f
D:5:      layout_loops_ring, enter_ossuary_1, nicolae_wooded_promenade,
          uniq_grinder
D:6:      old_forge, layout_basic, uniq_maggie
D:7:      layout_basic, pdpol_wu_jian_five_deadly_venoms, serial_shops,
          kennysheep_mini, uniq_menkaure, uniq_pikel, uniq_duvessa
D:8:      layout_basic, kennysheep_nondescript, nicolae_two_hexagons,
          centaur_isle
D:9:      nicolae_BIG_FREAKIN_CUBE, layout_long_grid
D:10:     layout_cave_pools, minmay_orc_entry_temple_small, serial_gnoll_camp,
          gnoll_camp_mini_doghouse, gnoll_camp_mini_doghouse,
          gnoll_camp_mini_doghouse, gnoll_camp_mini_sergeant, grums_kennel,
          serial_shops, shop_statue, hangedman_abyss_or_decor_stagger,
          grunt_ministairs_15, amcnicky_mini_rare_corridor_liquid,
          nicolae_stop_n_shop_1, uniq_maurice
D:11:     layout_rooms
D:12:     layout_basic, nicolae_trove_entry_diagonal
D:13:     layout_loops_ring, erik_vaults_2, serial_co_window_serial,
          co_window_paths_b, co_window_corner_a, co_window_paths_a,
          co_window_paths_a, co_window_paths_a, co_window_paths_a,
          co_window_paths_b, co_window_broadway_a, co_window_of_opportunity_b,
          co_window_2corner, co_window_paths_c, co_window_sun, glass_columns_b,
          glass_columns_a, glass_columns_a, uniq_kirke
Temple:   kilobyte_greek_temple
Lair:1:   layout_roguey, wad_woods_road_01, infiniplex_staircase_pool_2,
          serial_bayou_shore_b
Lair:2:   layout_loops_ring, worms_lemuel
Lair:3:   layout_cave_pods, skrybe_swamp_entry_bodies, beast_lair_carwin_8
Lair:4:   layout_cave_pods, hellmonk_spider_entry_life_and_decay, minivault_23,
          nicolae_lair_liquid_snakes, uniq_nergalle, uniq_nessos
Lair:5:   layout_cave_pods
Lair:6:   minmay_lair_end_enchanted_forest, layout_hall_layers,
          minmay_slime_entry_jelly_boxes, serial_bayou_pond_b,
          grunt_forest_stairs_basic, grunt_megastairs_3, lemuel_fruit_tree
Swamp:1:  layout_falls_marsh, portal_ice_cave_entry_dragon,
          evilmike_swamp_ruin_rubble_2
Swamp:2:  layout_falls_marsh, evilmike_swamp_ruin_house_3, uniq_roxanne
Swamp:3:  layout_basic_swamp, nicolae_swamp_treefoil, uniq_jorgrun
Swamp:4:  swamp_fiery, layout_basic_swamp, infiniplex_staircase_pool, uniq_mara,
          uniq_louise
Spider:1: layout_spider_delve
Spider:2: nicolae_orb_stairs_large, ebering_ghost_rock_garden
Spider:3: layout_spider_delve, uniq_arachne
Orc:1:    lemuel_ogre_cave, layout_diamond_mine
Orc:2:    grunt_orc_cross, layout_caves, basic_altar

Skill      XL: |  1  2  3  4  5  6  7  8  9 10 11 12 13 14 15 16 17 |
---------------+----------------------------------------------------+-----
Axes           | 4 5 7 9 11 13 15 17 18 20 | 20.4
Stealth        | 2 |  2.0
Fighting       | 4 5 6 7 8 9 11 12 13 15 17 19 21 | 21.4
Dodging        | 4 7 9 10 | 10.0
Armour         | 1 4 6 8 10 12 14 15 | 15.0
Evocations     | 1 6 9 11 12 | 12.3

Action                   |  1- 3 |  4- 6 |  7- 9 | 10-12 | 13-15 | 16-18 || total
-------------------------+-------+-------+-------+-------+-------+-------++-------
Melee: Hand axe          |    58 |   133 |    61 |       |       |       ||   252
       Headbutt          |    14 |    15 |    50 |    89 |   202 |    96 ||   466
       Punch             |       |     2 |     1 |       |       |       ||     3
       Battleaxe         |       |       |   208 |   397 |   489 |       ||  1094
       Unarmed           |       |       |       |     9 |       |       ||     9
       Executioner's axe |       |       |       |       |   376 |   411 ||   787
Invok: Berserk           |       |     1 |     3 |    22 |    32 |     8 ||    66
       Brothers in Arms  |       |       |       |     2 |     4 |       ||     6
       Trog's Hand       |       |       |       |     1 |     4 |       ||     5
Evoke: Wand              |       |       |       |     2 |       |       ||     2
  Use: Scroll            |       |     6 |     6 |     5 |    28 |    13 ||    58
       Potion            |       |       |       |       |     1 |     5 ||     6
 Stab: Sleeping          |     4 |     1 |       |       |       |       ||     5
       Distracted        |       |       |       |     1 |       |       ||     1
       Petrifying        |       |       |       |       |     1 |       ||     1
       Invisible         |       |       |       |       |     3 |       ||     3
Armor: Robe              |    10 |       |       |       |       |       ||    10
       Plate armour      |       |    98 |   181 |   259 |   488 |   462 ||  1488
Dodge: Dodged            |    46 |    42 |    83 |   164 |   296 |   313 ||   944
Block: Other             |       |       |       |       |   158 |   147 ||   305
       Reflection        |       |       |       |       |     8 |       ||     8
